 Dungeon Crawl Stone Soup version 0.31.0-9-g3a7656b989 (webtiles) character file.

Game seed: 6227350561949311011

104 qw the Shooter (level 4, -1/25 HPs)
             Began as a Deep Elf Hunter on Feb 2, 2024.
             Slain by Terence
             ... wielding a +0 morningstar
              (14 damage)
             ... on level 3 of the Dungeon.
             The game lasted 00:00:06 (1623 turns).

qw the Shooter (Deep Elf Hunter)                    Turns: 1623, Time: 00:00:06

Health: -1/25      AC:  5    Str: 13    XL:     4   Next: 52%
Magic:  6/6        EV: 12    Int: 17    God:
Gold:   111        SH:  0    Dex: 18    Spells: 3/3 levels left

rFire   + . .        a - +0 shortbow
rCold   . . .        (shield currently unavailable)
rNeg    . . .        l - +1 leather armour of Ulutwui {rF+ Str+3 SInv}
rPois   .            e - +0 helmet {Int+3}
rElec   .            (no cloak)
rCorr   .            (no gloves)
SInv    +            (no boots)
Will    .....        (no amulet)
Stlth   ++           (no ring)
HPRegen 0.24/turn    (no ring)
MPRegen 0.10/turn

%: no passive effects
@: no status effects
A: no striking features
a: no special abilities


You were on level 3 of the Dungeon.
You visited 1 branch of the dungeon, and saw 3 of its levels.

You collected 111 gold pieces.


   Skills:
 - Level 1.5 Fighting
 + Level 7.9 Ranged Weapons
 - Level 2.4 Dodging
 - Level 1.2 Stealth


You had 3 spell levels left.
You didn't know any spells.
Your spell library was empty.

Inventory:

Hand Weapons
 a - a +0 shortbow (weapon)
Armour
 b - a +0 scale mail
 e - a +0 helmet of intelligence (worn)
 l - the +1 leather armour of Ulutwui (worn) {rF+ Str+3 SInv}
   (You found it on level 2 of the Dungeon)

   Str+3:     It affects your strength (+3).
   rF+:       It protects you from fire.
   SInv:      It lets you see invisible.
Jewellery
 c - an amulet of the acrobat
Scrolls
 g - 2 scrolls of teleportation
Potions
 f - a potion of might
 i - a potion of curing

Dungeon Overview and Level Annotations

Branches:
Dungeon (3/15)

Altars:

Annotations:
D:3 Terence; qw's ghost, amateur SpHu


Message History

You kill the rat!
You shoot an arrow. The arrow barely misses the jackal.
You shoot an arrow. The arrow hits the jackal!
You kill the jackal!
You shoot an arrow. The arrow closely misses the jackal.
You shoot an arrow. The arrow barely misses the jackal.
The jackal closely misses you.
The jackal bites you but does no damage.
The jackal barely misses you.
You shoot an arrow. The arrow hits the jackal.
You kill the jackal!
The jackal barely misses you.
You shoot an arrow.
The arrow hits Terence but does no damage.
The jackal closely misses you. Terence barely misses you.
The jackal bites you but does no damage.
You shoot an arrow.
The arrow hits Terence but does no damage.
Terence screams, "I want your blood!" Terence completely misses you.
The jackal barely misses you.
You shoot an arrow. The arrow hits Terence.
Terence is lightly wounded.
Terence hits you with a +0 morningstar!
The jackal bites you but does no damage.
The jackal barely misses you. Terence barely misses you.
You shoot an arrow. The arrow barely misses Terence.
The jackal barely misses you. Terence hits you with a +0 morningstar.
You shoot an arrow.
The arrow hits Terence but does no damage.
Terence is lightly wounded.
The jackal closely misses you. Terence misses you.
You shoot an arrow. The arrow completely misses Terence.
The jackal misses you.
The jackal bites you but does no damage.
Terence closely misses you.
You shoot an arrow. The arrow barely misses Terence.
The jackal bites you. Terence hits you with a +0 morningstar!
Ouch! That really hurt!
You die...
Terence says, "Time to find some more victims."

##...........###
#...........##}#
#..........##...
#...(.....##....
#.........#W.?7!
#.........##...
##.........##..
##.........##
#@..........
#h@........
#.........
#.%.....##
#.......#
#.......#
#.....%.#
#....>..#


You could see Terence and a jackal.

Vanquished Creatures
  An orc wizard (D:3)
  An adder (D:2)
  2 dart slugs (D:2)
  3 ribbon worms
  4 orcs (D:3)
  5 bats
  5 endoplasms
  A giant cockroach (D:3)
  7 goblins
  3 hobgoblins
  2 jackals (D:3)
  5 kobolds
  A quokka (D:1)
  4 ball pythons
  4 frilled lizards
  6 rats
54 creatures vanquished.

Notes
Turn   | Place    | Note
-------+----------+-------------------------------------------
     0 | D:1      | qw the Deep Elf Hunter began the quest for the Orb.
     0 | D:1      | Reached XP level 1. HP: 12/12 MP: 3/3
     0 | D:1      | 0 ||| qw: Version: 0.3-a-155-g5e7d8dd
     0 | D:1      | 0 ||| qw: Game counter: 292
     0 | D:1      | 0 ||| qw: Melee chars always use a shield: true
     0 | D:1      | 0 ||| qw: God list: Okawaru
     0 | D:1      | 0 ||| qw: Allow faded altars: false
     0 | D:1      | 0 ||| qw: Do Orc after clearing Dungeon:15 true
     0 | D:1      | 0 ||| qw: Do second Lair branch before Depths: true
     0 | D:1      | 0 ||| qw: Lair rune preference: random
     0 | D:1      | 0 ||| qw: Goals: Normal
     0 | D:1      | 0 ||| PLANNING D:1-11
   154 | D:1      | Reached XP level 2. HP: 16/16 MP: 4/4
   165 | D:1      | Reached skill level 6 in Ranged Weapons
   787 | D:1      | 787 ||| READING 8 scrolls labelled NOREMO VALO.
   787 | D:1      | 787 ||| IDENTIFYING smoky coppery potion
   788 | D:1      | 788 ||| READING 7 scrolls of identify.
   788 | D:1      | 788 ||| IDENTIFYING purple potion
   789 | D:1      | 789 ||| READING 6 scrolls of identify.
   789 | D:1      | 789 ||| IDENTIFYING 2 sedimented inky potions
   790 | D:1      | 790 ||| READING 5 scrolls of identify.
   790 | D:1      | 790 ||| IDENTIFYING scroll labelled POJUAD MOGYITI
   791 | D:1      | 791 ||| READING 4 scrolls of identify.
   791 | D:1      | 791 ||| IDENTIFYING scroll labelled CODGHO FENGEPN
   792 | D:1      | 792 ||| DROPPING scroll of butterflies.
   793 | D:1      | 793 ||| DROPPING scroll of poison.
   794 | D:1      | 794 ||| DROPPING 2 potions of invisibility.
   795 | D:1      | 795 ||| DROPPING scroll of torment.
   796 | D:1      | 796 ||| DROPPING potion of degeneration.
   844 | D:2      | Identified the +6 spear "Terchunn" {venom, Str+5 Int-2
                  | Dex+3 Stlth-}
   895 | D:2      | 895 ||| FLEEEEING.
   903 | D:2      | Reached XP level 3. HP: 18/20 MP: 5/5
  1013 | D:2      | Reached skill level 7 in Ranged Weapons
  1195 | D:2      | 1195 ||| FLEEEEING.
  1198 | D:2      | 1198 ||| FLEEEEING.
  1199 | D:2      | 1199 ||| FLEEEEING.
  1200 | D:2      | 1200 ||| FLEEEEING.
  1317 | D:2      | Identified the +1 leather armour of Ulutwui {rF+ Str+3
                  | SInv}
  1411 | D:2      | 1411 ||| UPGRADING to +0 helmet of intelligence.
  1416 | D:2      | 1416 ||| UPGRADING to +1 leather armour of Ulutwui {rF+
                  | Str+3 SInv}.
  1426 | D:2      | 1426 ||| DROPPING +0 leather armour.
  1427 | D:2      | 1427 ||| DROPPING ring of magical power.
  1428 | D:2      | 1428 ||| READING 3 scrolls of identify.
  1428 | D:2      | 1428 ||| IDENTIFYING lumpy dark potion
  1429 | D:2      | 1429 ||| READING 2 scrolls of identify.
  1429 | D:2      | 1429 ||| IDENTIFYING inky potion
  1430 | D:2      | 1430 ||| READING scroll of identify.
  1430 | D:2      | 1430 ||| IDENTIFYING scroll labelled YNGYNUBLOD
  1431 | D:2      | 1431 ||| READING 3 scrolls labelled POBADY XAGUUF.
  1434 | D:2      | 1434 ||| READING scroll labelled WOM IKLAWEMU.
  1435 | D:2      | 1435 ||| DROPPING potion of ambrosia.
  1436 | D:2      | 1436 ||| DROPPING scroll of blinking.
  1483 | D:3      | Reached XP level 4. HP: 25/25 MP: 6/6
  1592 | D:3      | Noticed qw's ghost (amateur SpHu)
  1610 | D:3      | Noticed Terence
  1623 | D:3      | Slain by Terence

Levels and vault maps discovered:
D:1:      tarquinn_simple_flora_water_d, layout_loops_corners
D:2:      layout_basic
D:3:      layout_rooms, hellmonk_ghost_happy_afterlife, uniq_terence,
          uniq_sigmund

Skill      XL: |  1  2  3 |
---------------+----------+-----
Ranged Weapons | 6 7 |  7.9
Fighting       | |  1.5
Dodging        | |  2.4
Stealth        | |  1.2

Action                     |  1- 3 |  4- 6 || total
---------------------------+-------+-------++-------
   Fire: Shortbow          |   123 |    36 ||   159
    Use: Scroll            |    10 |       ||    10
 Armour: Leather armour    |    15 |    19 ||    34
  Dodge: Dodged            |    13 |    21 ||    34

Table legend:
 A = Non-vault XP
 B = Vault XP
 C = Vault XP percentage of total XP
 D = Non-vault monster count
 E = Vault monster count
 F = Vault count percentage of total count
                 A         B        C        D         E       F
            +---------+---------+-------+---------+---------+-------
      Total |     149 |       0 |   0.0 |      54 |       0 |   0.0
            +---------+---------+-------+---------+---------+-------
        D:1 |      29 |       0 |   0.0 |      17 |       0 |   0.0
        D:2 |      59 |       0 |   0.0 |      26 |       0 |   0.0
        D:3 |      61 |       0 |   0.0 |      11 |       0 |   0.0
            +---------+---------+-------+---------+---------+-------
